 Dungeon Crawl Stone Soup version 0.30-a0-469-g84de5afbc5 (webtiles) character file.

Game seed: 2603755692962715147

4694 tilp the Nimble (level 11, -3/91 HPs)
             Began as a Meteoran Fighter on Dec 19, 2022.
             Was an Elder of Okawaru.
             Slain by a troll (7 damage)
             ... on level 9 of the Dungeon.
             The game lasted 00:19:12 (3070 turns).

tilp the Nimble (Meteoran Fighter)                  Turns: 3070, Time: 00:19:13

Health: -3/91      AC: 11    Str: 23    XL:     11   Next: 2%
Magic:  17/17      EV: 12    Int: 10    God:    Okawaru [****..]
Gold:   363        SH:  6    Dex: 19    Spells: 10/10 levels left

rFire   . . .      SeeInvis .    b - +9 trident of Intimidation {vorpal, rN++ Str+6}
rCold   . . .      Faith    .    c - +0 buckler
rNeg    + + +      Spirit   .    A - +0 chain mail
rPois   .          Reflect  .    z - +0 helmet
rElec   .          Harm     .    (no cloak)
rCorr   .          Rampage  .    (no gloves)
Will    +....                    (no boots)
Stlth   ..........               y - amulet of regeneration
HPRegen 1.15/turn                l - ring of positive energy
MPRegen 0.15/turn                C - ring of flight

@: flying, slowed, glowing, very slow
A: sense surroundings 2, otherworldly, glowing, explore regen
a: Renounce Religion, Heroism, Finesse


You were on level 9 of the Dungeon.
You worshipped Okawaru.
Okawaru was greatly pleased with you.
You visited 2 branches of the dungeon, and saw 10 of its levels.

You collected 363 gold pieces.

Inventory:

Hand Weapons
 a - a +3 scimitar
 b - the +9 trident of Intimidation (weapon) {vorpal, rN++ Str+6}
   (You found it on level 4 of the Dungeon)

   It inflicts extra damage upon your enemies.
   Str:       It affects your strength (+6).
   rN:        It greatly protects you from negative energy.
 x - a +0 long sword
Missiles
 u - 17 poisoned darts (quivered)
Armour
 c - a +0 buckler (worn)
 z - a +0 helmet (worn)
 A - a +0 chain mail (worn)
Jewellery
 l - a ring of positive energy (left hand)
 y - an amulet of regeneration (around neck)
 C - a ring of flight (right hand)
Wands
 d - a wand of roots (9)
 v - a wand of mindburst (3)
Scrolls
 f - a scroll of immolation
 h - a scroll of vulnerability
 i - a scroll of poison
 o - 2 scrolls of magic mapping
 q - a scroll of amnesia
 s - a scroll of enchant armour {unknown}
 B - a scroll of noise {unknown}
Potions
 e - 3 potions of curing
 g - 2 potions of attraction
 j - a potion of heal wounds {unknown}
 k - a potion of haste {unknown}
 m - a potion of ambrosia {unknown}
 p - 2 potions of mutation {unknown}
 r - a potion of berserk rage {unknown}
 t - a potion of magic {unknown}
 w - 3 potions of might
 D - a potion of brilliance {unknown}


   Skills:
 + Level 6.7 Fighting
 * Level 6.4 Long Blades
 - Level 3.0 Polearms
 + Level 6.8 Armour
 + Level 8.7 Dodging
 - Level 4.0 Stealth
 + Level 5.2 Shields
 + Level 7.0 Invocations
 + Level 5.3 Evocations


You had 10 spell levels left.
You didn't know any spells.
Your spell library contained the following spells:

 Spells                   Type           Power      Damage    Failure   Level
 Beastly Appendage        Tmut           0%         N/A       97%         1
 Freeze                   Ice            0%         1d3       97%         1
 Frozen Ramparts          Ice            0%         1d1       100%        3
 Hailstorm                Conj/Ice       0%         3d3       100%        3
 Animate Armour           Summ/Erth      Unusable   N/A       N/A         4
 Dragon's Call            Summ           Unusable   N/A       N/A         9

Dungeon Overview and Level Annotations

Branches:
Dungeon (9/15) Zot: 2265   Temple (1/1) D:5 Zot: 557
   Lair: D:8-11         Orc: D:9-12

Altars:
Cheibriados
Dithmenos
Elyvilon
Fedhas
Gozag
Kikubaaqudgha
Makhleb
Nemelex Xobeh
Okawaru
Ru
Sif Muna
Vehumet
Wu Jian
The Shining One

Shops:
D:5 [

Annotations:
D:9 Erica


Innate Abilities, Weirdness & Mutations

You passively map the area around you.
You are easily found by Zot.
You glow in the dark.
You regain HP and MP as you explore.


Message History

You feel yourself slow down.
Unknown command.
Unknown command.
You hit Erica.
Erica is moderately wounded.
Your surroundings suddenly seem different.
A troll comes into view.
The troll shouts!
The troll bites you.
* * * LOW HITPOINT WARNING * * *
The troll claws you!
* * * LOW HITPOINT WARNING * * *
The troll claws you.
* * * LOW HITPOINT WARNING * * *
The troll bites you.
* * * LOW HITPOINT WARNING * * *
The troll claws you.
* * * LOW HITPOINT WARNING * * *
The troll claws you.
* * * LOW HITPOINT WARNING * * *
Unknown command.
Unknown command.
Found 2 gold pieces.
The troll bites you but does no damage. The troll claws you!
* * * LOW HITPOINT WARNING * * *
The troll claws you but does no damage.
Unknown command.
Unknown command.
Unknown command.
Aiming: Fastroot
Press: ? - help, Shift-Dir - straight line, f - troll
Aim: a troll The roots erupt in riotous growth!
Roots grab the troll.
The grasping roots constrict the troll!
You hear a howl! x2; You hear a shout! x2
The troll closely misses you. The troll claws you.
* * * LOW HITPOINT WARNING * * *
The troll claws you!
You die...

###.... ,, *
< * ....# *
,* #. * , ,
##### #. *,*
,, , #.#*
*##* , *, ,
*.., $. ,
#.# *.###,,
, , ,* #..
... , ^ ^
.####..##.#
,
.......T@.#,
, , , *
#####..####
, , * ,
.....* *,,
,, ** ,
.......* * *
* * #..####*
*, , * , #.
* ,* , * ,*
, # , * , *
* * * * * ,*
* *


You could see a troll (rooted).

Vanquished Creatures
  A two-headed ogre (D:7)
  An unseen horror (D:8)
  Sigmund (D:3)
  2 yaks
  A wyvern (D:7)
  An unseen horror simulacrum (D:8)
  2 steam dragons (D:8)
  An acid dragon (D:8)
  2 water moccasins
  A sky beast (D:8)
  A hornet zombie (D:5)
  2 ice beasts
  2 wolves (D:8)
  2 ogres
  2 centaurs
  A phantom (D:5)
  A kobold brigand (D:5)
  4 bullfrogs
  5 necrophages
  A gnoll sergeant (D:8)
  2 scorpions
  A wight (D:5)
  2 electric eels (D:8)
  A centaur zombie (D:5)
  2 bullfrog zombies (D:5)
  2 hounds
  A gnoll bouda (D:5)
  A human zombie (D:5)
  3 orc priests
  Terence (D:3)
  4 orc wizards
  2 centaur simulacra (D:8)
  2 mummies (D:5)
  6 gnolls
  3 adders
  5 white imps
  A howler monkey simulacrum (D:8)
  A worm (D:2)
  A dart slug (D:1)
  24 orcs
  3 ball pythons
  4 endoplasms
  5 hobgoblins
  27 kobolds
  5 quokkas
  3 bats
  A frilled lizard (D:1)
  3 goblins
  3 rats
153 creatures vanquished.

Vanquished Creatures (others)
  11 plants (D:5)
11 creatures vanquished.

Grand Total: 164 creatures vanquished

Notes
Turn   | Place    | Note
-------+----------+-------------------------------------------
     0 | D:1      | tilp the Meteoran Fighter began the quest for the Orb.
     0 | D:1      | Reached XP level 1. HP: 19/19 MP: 2/2
   113 | D:1      | Reached XP level 2. HP: 26/26 MP: 3/3
   175 | D:1      | Reached skill level 1 in Dodging
   292 | D:1      | Reached XP level 3. HP: 31/31 MP: 4/4
   425 | D:2      | Reached skill level 2 in Dodging
   477 | D:1      | Reached XP level 4. HP: 35/38 MP: 5/5
   612 | D:5      | Entered Level 5 of the Dungeon
   822 | D:3      | Noticed Terence
   827 | D:3      | Killed Terence
   828 | D:3      | Reached skill level 1 in Stealth
   828 | D:3      | Reached XP level 5. HP: 31/46 MP: 6/6
   840 | D:3      | Noticed Sigmund
   846 | D:3      | Killed Sigmund
   847 | D:3      | Reached skill level 4 in Dodging
   847 | D:3      | Reached XP level 6. HP: 37/52 MP: 7/7
   869 | D:4      | Identified the +9 trident of Intimidation {vorpal, rN++
                  | Str+6}
   895 | D:5      | Reached skill level 1 in Evocations
   895 | D:5      | Reached XP level 7. HP: 59/59 MP: 8/8
   904 | D:5      | Reached skill level 1 in Polearms
  1430 | D:5      | Reached XP level 8. HP: 52/67 MP: 9/9
  1457 | D:5      | Reached skill level 5 in Armour
  1459 | D:5      | Found an ancient bone altar of Kikubaaqudgha.
  1468 | D:5      | Reached skill level 5 in Dodging
  1485 | D:5      | Reached skill level 5 in Fighting
  1512 | D:5      | Found Vearae's Antique Armour Boutique.
  1701 | D:5      | Found a staircase to the Ecumenical Temple.
  1707 | Temple   | Entered the Ecumenical Temple
  1730 | Temple   | Became a worshipper of Warmaster Okawaru
  1791 | D:5      | Got the Octavo of Metamorphosis and the Retinue
  1817 | D:5      | Gained mutation: You passively map the area around you.
                  | [Meteoran growth]
  1817 | D:5      | Reached XP level 9. HP: 52/74 MP: 10/10
  2045 | D:6      | Identified the +2 falchion of Misery {elec, *Noise rC+++
                  | MP+9}
  2078 | D:6      | Reached skill level 1 in Invocations
  2185 | D:7      | Reached * piety under Okawaru
  2186 | D:7      | Noticed a two-headed ogre
  2188 | D:7      | Reached skill level 6 in Dodging
  2201 | D:7      | Killed a two-headed ogre
  2202 | D:7      | Reached skill level 7 in Dodging
  2202 | D:7      | Reached skill level 5 in Invocations
  2212 | D:7      | Reached XP level 10. HP: 28/83 MP: 14/14
  2214 | D:7      | Reached ** piety under Okawaru
  2350 | D:7      | Reached skill level 8 in Dodging
  2524 | D:8      | Reached skill level 5 in Long Blades
  2661 | D:8      | Killed an unseen horror
  2661 | D:8      | Reached *** piety under Okawaru
  2697 | D:8      | Reached skill level 5 in Evocations
  2714 | D:8      | Reached skill level 5 in Shields
  2857 | D:7      | Found a burning altar of Makhleb.
  2900 | D:8      | Reached **** piety under Okawaru
  3048 | D:9      | Noticed Erica
  3058 | D:9      | Reached XP level 11. HP: 82/91 MP: 17/17
  3062 | D:9      | HP: 4/91 [Erica/+1 scimitar of flaming (3)]
  3070 | D:9      | HP: 4/91 [troll (6)]
  3070 | D:9      | Slain by a troll

Illustrated notes

Levels and vault maps discovered:
D:1:      nagdon_arrival_double_spiral, layout_loops_corners
D:2:      layout_basic, st_stairs_10, minmay_worlds_worst_comb
D:3:      layout_loops_cross, uniq_sigmund, uniq_terence
D:4:      layout_basic, eino_small_chamber_without_monster
D:5:      kennysheep_kobold_camp, layout_gridville,
          lemuel_mausoleum_altar_kikubaaqudgha, minmay_temple_entry_waves,
          serial_shops, nicolae_shop_advertising_works
          [nicolae_subvault_shop_adworks], minmay_curled_crystal,
          serial_bayou_crossing
D:6:      corexii_shack_village, layout_basic
D:7:      layout_rooms, makhleb_heckhound_becter,
          nicolae_uskayaw_murder_on_the_dancefloor, kennysheep_nub,
          dreamdust_princess_corridor, st_stairs_11
D:8:      layout_gridville, serial_ice, serial_ice_i, serial_ice_m,
          serial_ice_c, serial_ice_h, minmay_misc_feat_rugged
D:9:      layout_loops_ring, xom_teletrap_fun, orc_david_3, uniq_pikel,
          uniq_erica
Temple:   nicolae_temple_ecumenical_triangle

Skill      XL: |  1  2  3  4  5  6  7  8  9 10 |
---------------+-------------------------------+-----
Dodging        | 1 2 4 5 7 8 |  8.7
Long Blades    | 3 4 6 |  6.4
Armour         | 4 5 6 |  6.8
Shields        | 4 5 |  5.2
Stealth        | 1 2 3 4 |  4.0
Fighting       | 4 5 6 |  6.7
Evocations     | 1 2 3 4 5 |  5.3
Polearms       | 2 3 |  3.0
Invocations    | 5 7 |  7.0

Action                   |  1- 3 |  4- 6 |  7- 9 | 10-12 || total
-------------------------+-------+-------+-------+-------++-------
Melee: Long sword        |    80 |    42 |       |       ||   122
       Trident           |       |     2 |   200 |   114 ||   316
Evoke: Wand              |       |       |       |     4 ||     4
  Use: Potion            |       |     1 |       |     2 ||     3
       Scroll            |       |       |     9 |     2 ||    11
Armor: Scale mail        |    43 |    27 |    51 |       ||   121
       Chain mail        |       |       |    18 |    76 ||    94
Dodge: Dodged            |    35 |    15 |    79 |    71 ||   200
Block: Buckler           |    25 |     6 |    45 |    31 ||   107

Table legend: (Time is in decaauts)
 A = Elapsed time spent in this place.
 B = Non-inter-level travel time spent in this place.
 C = Inter-level travel time spent in this place.
 D = Time resting spent in this place.
 E = Time spent auto-exploring this place.
 F = Levels seen in this place.
 G = Mean time per level.
                   A        B        C        D        E       F      G
               +--------+--------+--------+--------+--------+-----+--------+
         Total |   3176 |   2764 |    412 |      3 |      0 |  10 |  317.6 |
       Dungeon |   3133 |   2721 |    412 |      3 |      0 |   9 |  348.1 |
        Temple |     42 |     42 |      0 |      0 |      0 |   1 |   42.0 |
               +--------+--------+--------+--------+--------+-----+--------+

Top non-repeatable levels by time:
     D:4: 696 daAuts
     D:5: 597 daAuts
     D:8: 584 daAuts
     D:1: 444 daAuts
     D:7: 255 daAuts
     D:6: 236 daAuts
     D:3: 148 daAuts
     D:2: 91 daAuts
     D:9: 78 daAuts
  Temple: 42 daAuts
